 Dungeon Crawl Stone Soup version 0.21-a0-519-gb765982 (webtiles) character file.

46 slep the Chopper (level 3, -1/30 HPs)
             Began as a Hill Orc Gladiator on Dec 5, 2017.
             Slain by a goblin
             ... wielding a +0 dagger
             ... led by Robin
              (2 damage)
             ... on level 2 of the Dungeon.
             The game lasted 00:03:40 (574 turns).

slep the Chopper (Hill Orc Gladiator)                Turns: 574, Time: 00:03:40

Health: -1/30      AC:  6    Str: 16    XL:     3   Next: 68%
Magic:  3/3        EV:  9    Int:  8    God:
Gold:   32         SH:  7    Dex: 13    Spells: 2/2 levels left

rFire    . . .     SeeInvis .   a - +0 war axe
rCold    . . .     Gourm    .   e - +0 shield
rNeg     . . .     Faith    .   n - +0 ring mail
rPois    .         Spirit   .   c - +0 helmet
rElec    .         Reflect  .   (no cloak)
rCorr    .         Harm     .   (no gloves)
MR       .....                  (no boots)
Stlth    +.........             (no amulet)
HPRegen  0.10/turn              (no ring)
MPRegen  0.08/turn              (no ring)

@: no status effects
A: no striking features
a: no special abilities


You were on level 2 of the Dungeon.
You were not hungry.

You visited 1 branch of the dungeon, and saw 2 of its levels.

You collected 32 gold pieces.

Inventory:

Hand Weapons
 a - a +0 war axe (weapon)
Missiles
 d - 3 throwing nets (quivered)
Armour
 b - a +0 leather armour
 c - a +0 helmet (worn)
 e - a +0 shield (worn)
 n - a +0 ring mail (worn)
Scrolls
 h - a scroll of teleportation {unknown}
 i - a scroll of fear {unknown}
 k - a scroll of remove curse {unknown}
 m - a scroll of enchant armour {unknown}
Potions
 g - a potion of degeneration {unknown}
 j - 2 potions of might {unknown}
 l - a potion of berserk rage {unknown}
Comestibles
 f - 2 bread rations


   Skills:
 + Level 2.7 Fighting
 + Level 5.2 Axes
 + Level 1.9 Throwing
 + Level 2.9 Dodging


You had 2 spell levels left.
You didn't know any spells.

Dungeon Overview and Level Annotations

Branches:
Dungeon (2/15)

Altars:


Message History

The goblin hits you with a dagger.
* * * LOW HITPOINT WARNING * * *
You block the goblin's attack.
You hit the goblin but do no damage.
The goblin is moderately wounded.
The goblin barely misses you.
You closely miss the goblin.
The goblin is moderately wounded.
The goblin closely misses you.
A goblin comes into view.
You closely miss the goblin. The goblin barely misses you.
The goblin closely misses you. The rat bites you.
* * * LOW HITPOINT WARNING * * *
Your shield and ring mail prevent you from hitting the goblin.
You hit the rat but do no damage. The goblin misses you.
The rat bites you but does no damage.
You completely miss the goblin. You barely miss the rat.
You block the goblin's attack. The rat bites you but does no damage.
The goblin hits you with a dagger.
You die...

### ....##.... ...
#..........=...
#.###..............
...#..............
#................
##..........$..... #.
####...)..g.......... #.
##.......rg........... #.##
#..#.....@†...?....... ...#
#.##.....†)...........
...#####.#...................
.....##..#....†..............
(......(.....................
.....)##.....................
...†(.####...................
....(.# #............<.......
....<.###.............?


You could see 2 goblins and a rat.

Vanquished Creatures
  An adder (D:2)
  A leopard gecko (D:1)
  3 giant cockroaches
  9 goblins
  3 hobgoblins
  A ball python (D:1)
  6 bats
  A frilled lizard (D:1)
  4 kobolds
  4 rats
33 creatures vanquished.

Notes
Turn   | Place    | Note
-------+----------+-------------------------------------------
     0 | D:1      | slep the Hill Orc Gladiator began the quest for the Orb.
     0 | D:1      | Reached XP level 1. HP: 18/18 MP: 1/1
   148 | D:1      | Reached XP level 2. HP: 22/25 MP: 2/2
   432 | D:1      | Reached XP level 3. HP: 27/30 MP: 3/3
   562 | D:2      | Reached skill level 5 in Axes
   569 | D:2      | HP: 1/30 [goblin/dagger[Robin] (1)]
   574 | D:2      | Slain by a goblin

Vault maps used:
D:1:      lemuel_arrival_hallway
D:2:      first_bread, uniq_robin

Skill      XL: |  1  2  3 |
---------------+----------+-----
Axes           | 5 |  5.2
Fighting       | |  2.7
Throwing       | |  1.9
Dodging        | |  2.9

Action                   || total
-------------------------++-------
Melee: War axe           ||    92
Armor: Leather armour    ||    27
       Ring mail         ||    16
Dodge: Dodged            ||    68
Block: Shield            ||    32

Table legend:
 A = Spawn XP
 B = Non-spawn XP
 C = Spawn XP percentage of total XP
 D = Spawn monster count
 E = Non-spawn monster count
 F = Spawn count percentage of total count
 G = Total turns spent on level
                    A         B        C        D         E        F      G
               +---------+---------+-------+---------+---------+-------+---------
         Total |       0 |      67 |   0.0 |       0 |      33 |   0.0 |   574
               +---------+---------+-------+---------+---------+-------+---------
           D:1 |       0 |      34 |   0.0 |       0 |      21 |   0.0 |   473
           D:2 |       0 |      33 |   0.0 |       0 |      12 |   0.0 |   101
               +---------+---------+-------+---------+---------+-------+---------
